 Dungeon Sprint DCSS version 0.30.1-4-g462c640d31 (webtiles) character file.

Game seed: 7745868905109304517

4311 Heoruswealwe the Marksdemigod (level 9, -11/97 HPs)
             Began as a Demigod Hunter on Sept 18, 2023.
             Mangled by a +2 trident of protection (17 damage)
             ... in the Dungeon (Sprint V: "Ziggurat Sprint").
             The game lasted 00:14:34 (1083 turns).

Heoruswealwe the Marksdemigod (Demigod Hunter)      Turns: 1083, Time: 00:14:36

Health: -11/97     AC:  4    Str: 12    XL:     9   Next: 87%
Magic:  11/11      EV: 14    Int: 13    God:
Gold:   0          SH:  0    Dex: 41    Spells: 8/8 levels left

rFire   + . .        a - +27 heavy crossbow "Sniper" {heavy, Acc+∞ SInv}
rCold   . . .        (shield currently unavailable)
rNeg    . . .        c - +0 robe {rF+}
rPois   +            g - +1 helmet {SInv}
rElec   .            (no cloak)
rCorr   .            (no gloves)
SInv    +            (no boots)
Will    .....        (no amulet)
Stlth   +++          k - +6 ring of dexterity
HPRegen 0.36/turn    j - ring "Alydwurgh" {rPois Int+2 Dex+6}
MPRegen 0.12/turn

%: no teleportation
@: no status effects
A: high MP 1, forlorn, divine attributes
a: no special abilities


You were in the Dungeon.
You visited 1 branch

Inventory:

Hand Weapons
 a - the +27 heavy crossbow "Sniper" (weapon) {heavy, Acc+∞ SInv}
   (You found it in the Dungeon)

   Acc+∞: It never misses its target.
   SInv:      It lets you see invisible.
 b - the +8 storm bow {elec, penet}
   (You found it in the Dungeon)
 h - the +11 plutonium sword {Contam Stlth-}
   (You found it in the Dungeon)

   Contam:    It causes magical contamination when unequipped.
   Stlth:     It makes you less stealthy.
 m - the +11 Singing Sword {sonic wave}
   (You found it in the Dungeon)
 o - the +9 sword of Zonguldrok {reap}
   (You found it in the Dungeon)
 w - the +9 sword of Power {lifebolt}
   (You found it in the Dungeon)
Armour
 c - a +0 robe of fire resistance (worn)
 g - a +1 helmet of see invisible (worn)
Jewellery
 j - the ring "Alydwurgh" (right hand) {rPois Int+2 Dex+6}
   (You found it in the Dungeon)

   [ring of dexterity]

   Int:       It affects your intelligence (+2).
   Dex:       It affects your dexterity (+6).
   rPois:     It protects you from poison.
 k - a +6 ring of dexterity (left hand)
Wands
 q - a wand of digging (9)
Scrolls
 i - 2 scrolls of blinking
 s - a scroll of brand weapon
Potions
 d - 10 potions of curing
 e - 7 potions of heal wounds
 f - 6 potions of haste
 l - 4 potions of resistance
 n - 5 potions of might
 v - 2 potions of invisibility
Miscellaneous
 p - a condenser vane


   Skills:
 + Level 15.5 Fighting
 + Level 15.8 Ranged Weapons
 - Level 1.7 Dodging
 - Level 0.8 Stealth


You had 8 spell levels left.
You didn't know any spells.
Your spell library contained the following spells:

 Spells                   Type           Power      Damage    Failure   Level
 Sublimation of Blood     Necr           0%         N/A       43%         2
 Airstrike                Air            0%         2d(0-16)  97%         4
 Petrify                  Tmut/Erth      0%         N/A       97%         4
 Arcjolt                  Conj/Air       0%         1d10      100%        5
 Freezing Cloud           Conj/Ice/Air   0%         6-21      100%        5
 Irradiate                Conj/Tmut      0%         3d11      100%        5
 Conjure Ball Lightning   Conj/Air       0%         3x3d6     100%        6
 Plasma Beam              Fire/Air       0%         2x1d11    100%        6
 Discord                  Hex            0%         N/A       100%        8
 Disjunction              Tloc           0%         N/A       100%        8


Dungeon Overview and Level Annotations

Branches:
Dungeon (1/1)


Innate Abilities, Weirdness & Mutations

You have an increased reservoir of magic. (+10% MP)
You shall have no god before yourself.
Your divine heritage dramatically boosts your attributes as you level up.


Message History

The golden eye turns its gaze towards you.
You can move again.
Fire: a) +27 heavy crossbow "Sniper" {heavy, Acc+∞ SInv}
Press: ? - help, Shift-Dir - straight line, f - air elemental
Aim: an air elemental (100% to hit)
You shoot a bolt. The bolt hits the air elemental!!!!
You destroy the air elemental!
The +2 trident of protection hits you from afar!!
The golden eye blinks!
The +2 trident of protection completely misses you.
A deep elf zephyrmancer comes into view.
It is wielding a staff of earth.
The deep elf master archer wields a +0 longbow.
The deep elf master archer shoots an arrow.
The arrow completely misses you.
The deep elf sorcerer mumbles some strange words.
The deep elf sorcerer seems to speed up.
The +2 trident of protection barely misses you.
The golden eye blinks at you.
You easily resist.
The deep elf master archer shoots an arrow.
The arrow completely misses you.
The deep elf pyromancer mumbles some strange words.
The deep elf master archer shoots an arrow.
The arrow hits you!!
* * * LOW HITPOINT WARNING * * *
The +2 trident of protection hits you from afar.
* * * LOW HITPOINT WARNING * * *
Fire: a) +27 heavy crossbow "Sniper" {heavy, Acc+∞ SInv}
Press: ? - help, Shift-Dir - straight line, f - deep elf sorcerer
Aim: a deep elf sorcerer, wielding a +0 short sword (fast, 100% to hit)
You shoot a bolt. The bolt hits the deep elf sorcerer!!!!
You kill the deep elf sorcerer!
The golden eye blinks at you. You resist with some effort.
The +2 trident of protection hits you from afar!
* * * LOW HITPOINT WARNING * * *
The +2 trident of protection barely misses you.
The +4 scimitar of holy wrath closely misses you.
The +2 trident of protection hits you from afar!
You die...

▓...[|==..▓
▓..:))E)..▓.../..)..▓
▓.....e...▓.........▓
▓...†e....▓.........▓
▓.........▓.........▓
▓.........▓.........▓
▓....e(e..▓.▓.....▓.▓
▓.▓..(G.▓.▓....©....▓
▓....@....▓▓▓▓▓▓▓▓▓▓▓
▓▓▓▓▓▓▓▓▓▓▓


You could see a deep elf master archer, a deep elf archer (repels missiles), a
deep elf pyromancer, a deep elf zephyrmancer, a fire elemental (summoned), 2
dancing weapons and a golden eye.

Vanquished Creatures
  A deep elf sorcerer (D)
  2 ugly things (D)
  A shining eye (D)
  An eye of devastation (D)
  A cane toad (D)
  A tarantella (shapeshifter) (D)
  2 tarantellas (D)
  A wind drake (shapeshifter) (D)
  A jumping spider (D)
  An air elemental (D)
  A yak (D)
  A floating eye (D)
  2 water moccasins (D)
  An ogre (shapeshifter) (D)
  2 wolves (D)
  2 phantoms (D)
  2 scorpions (D)
  3 necrophages (D)
  3 wights (D)
  3 jellies (D)
  2 iguanas (D)
  2 adders (D)
  A river rat (D)
  2 adder skeletons (D)
  An adder zombie (D)
  2 ball pythons (D)
  2 bat skeletons (D)
  3 bat zombies (D)
  3 endoplasms (D)
  4 jackals (D)
  2 ball python zombies (D)
  A giant cockroach zombie (D)
57 creatures vanquished.

Notes
Turn   | Place    | Note
-------+----------+-------------------------------------------
     0 | D        | Heoruswealwe the Demigod Hunter began the quest for the
                  | Orb.
     0 | D        | Reached XP level 1. HP: 17/17 MP: 3/3
     2 | D        | Found the +6 Majin-Bo {spellvamp, MP+6 Int+6}
     2 | D        | Found the +27 heavy crossbow "Sniper" {heavy, Acc+∞ SInv}
     2 | D        | Found the +10 dark maul {heavy}
     2 | D        | Found the +15 Maxwell's patent armour {-Cast -Tele rElec
                  | Will+ rCorr}
     2 | D        | Found the +18 shield of the Gong {Loud rN+ Will+ rCorr
                  | EV-5}
     2 | D        | Found the +16 obsidian axe {drain, demonic, Mesm Drain Fly
                  | SInv}
     2 | D        | Found the +7 great mace "Firestarter" {flame, immolate,
                  | rFlCloud rF++}
     2 | D        | Found the +6 shillelagh "Devastator" {shatter}
     2 | D        | Found the +11 plutonium sword {Contam Stlth-}
     2 | D        | Found the +8 lance "Wyrmbane" {slay drac, rPois rF+ rC+
                  | AC+3}
     2 | D        | Found the +9 sword of Zonguldrok {reap}
     2 | D        | Found the +13 scythe of Curses {drain, curses, Drain}
     2 | D        | Found the +9 sword of Power {lifebolt}
     2 | D        | Found the +7 mace of Variability {chaos, chaos arc}
     2 | D        | Found the +11 Singing Sword {sonic wave}
     2 | D        | Found the +8 storm bow {elec, penet}
     3 | D        | Found a transporter.
    67 | D        | Reached skill level 5 in Fighting
    67 | D        | Reached XP level 2. HP: 29/29 MP: 4/4
    68 | D        | Entered arena 2.
    68 | D        | Found a transporter.
    85 | D        | Entered arena 3.
    85 | D        | Noticed a water moccasin
    85 | D        | Found a transporter.
    93 | D        | Killed a water moccasin
    94 | D        | Reached XP level 3. HP: 34/39 MP: 5/5
    94 | D        | Reached XP level 4. HP: 41/47 MP: 6/6
   129 | D        | Entered arena 4.
   129 | D        | Noticed a cyan ugly thing
   129 | D        | Noticed a sky beast
   129 | D        | Noticed a red ugly thing
   129 | D        | Noticed a wind drake
   129 | D        | Found a transporter.
   130 | D        | Killed a wind drake
   131 | D        | Reached XP level 5. HP: 57/57 MP: 7/7
   131 | D        | Reached XP level 6. HP: 63/63 MP: 8/8
   132 | D        | Killed a cyan ugly thing
   133 | D        | Reached XP level 7. HP: 41/74 MP: 9/9
   134 | D        | Killed a cyan ugly thing
   304 | D        | Entered arena 5.
   304 | D        | Found a transporter.
   307 | D        | Reached XP level 8. HP: 82/83 MP: 10/10
   321 | D        | Entered arena 6.
   321 | D        | Noticed a tarantella
   321 | D        | Noticed a tarantella
   321 | D        | Found a transporter.
   322 | D        | Killed a tarantella
   323 | D        | Killed a tarantella
   510 | D        | Entered arena 7.
   518 | D        | Found a transporter.
   529 | D        | Got Pugha's Vellum of Gases
   532 | D        | Entered arena 8.
   540 | D        | Found a transporter.
   554 | D        | Entered arena 9.
   561 | D        | Reached XP level 9. HP: 94/94 MP: 11/11
   563 | D        | Found a transporter.
   569 | D        | Got the ring "Alydwurgh" {rPois Int+2 Dex+6}
   585 | D        | Entered arena 10.
   585 | D        | Noticed a cane toad
   588 | D        | Killed a cane toad
   594 | D        | Found a transporter.
   786 | D        | Entered arena 11.
   786 | D        | Noticed a shining eye
   786 | D        | Noticed an eye of devastation
   788 | D        | Killed a shining eye
   789 | D        | Reached skill level 15 in Ranged Weapons
   790 | D        | Reached skill level 15 in Fighting
   795 | D        | Killed an eye of devastation
   796 | D        | Found a transporter.
  1080 | D        | Entered arena 12.
  1080 | D        | Noticed a +2 trident of protection
  1080 | D        | Noticed a deep elf sorcerer
  1080 | D        | Noticed a deep elf pyromancer
  1080 | D        | Noticed a deep elf master archer
  1081 | D        | Noticed a +4 scimitar of holy wrath
  1081 | D        | Noticed a deep elf archer
  1081 | D        | Paralysed by an air elemental for 1 turns
  1082 | D        | Noticed a deep elf zephyrmancer
  1083 | D        | Killed a deep elf sorcerer
  1083 | D        | Mangled by a +2 trident of protection

Illustrated notes

Levels and vault maps discovered:
D:        sprint_v [room_start, room_1, room_2, room_3, room_4, room_5, room_6,
          room_7, room_8, room_9, room_10, room_11, room_12, room_13, room_14,
          room_15, room_16, room_17, room_18, room_19, room_20, room_21,
          room_22, room_23, room_24, room_25, room_26, room_27]

Skill      XL: |  1  2  3  4  5  6  7  8  9 |
---------------+----------------------------+-----
Fighting       | 5 7 9 11 12 13 15 | 15.5
Ranged Weapons | 6 7 9 11 12 14 15 | 15.8
Dodging        | |  1.7
Stealth        | |  0.8

Action                     |  1- 3 |  4- 6 |  7- 9 || total
---------------------------+-------+-------+-------++-------
   Fire: Longbow           |     8 |     1 |       ||     9
         Heavy crossbow    |     2 |     3 |    56 ||    61
    Use: Potion            |     1 |       |     7 ||     8
         Scroll            |       |       |     2 ||     2
 Armour: Leather armour    |     6 |     2 |    20 ||    28
  Dodge: Dodged            |     8 |     4 |    94 ||   106
